 Dungeon Crawl Stone Soup version 0.30.0-13-g156ef70053 (webtiles) character file.

Game seed: 7485135049036876376

64554 browni3141 the Severer (level 14, -2/129 HPs)
             Began as a Minotaur Fighter on May 17, 2023.
             Was the Champion of Okawaru.
             Slain by an ogre
             ... wielding a +0 giant club
              (27 damage)
             ... on level 2 of the Orcish Mines.
             The game lasted 00:12:28 (15642 turns).

browni3141 the Severer (Minotaur Fighter)          Turns: 15642, Time: 00:12:28

Health: -2/129     AC: 17    Str: 24    XL:     14   Next: 72%
Magic:  36/36      EV: 16    Int:  5    God:    Okawaru [******]
Gold:   1926       SH:  8    Dex: 15    Spells: 13/13 levels left

rFire   . . .        P - +3 broad axe
rCold   . . .        c - +0 buckler
rNeg    . . .        b - +0 scale mail
rPois   .            N - +2 hat
rElec   .            Z - +1 cloak
rCorr   .            k - +0 pair of gloves
SInv    .            s - +0 pair of boots "Bonatis" {MP+9 Str+3 Slay+2}
Will    +....        H - amulet of regeneration Stlth
                     h - ring of flight
HPRegen 1.21/turn    W - ring of magical power
MPRegen 0.25/turn

%: no passive effects
@: flying
A: horns 2, retaliatory headbutt
a: Renounce Religion, Heroism, Finesse, Duel


You were on level 2 of the Orcish Mines.
You worshipped Okawaru.
Okawaru was exalted by your worship.
You visited 5 branches of the dungeon, and saw 20 of its levels.
You also visited: Bailey.

You collected 2058 gold pieces.
You spent 132 gold pieces at shops.

Inventory:

Hand Weapons
 P - a +3 broad axe (weapon)
Missiles
 J - 2 javelins
 L - 19 curare-tipped darts
Armour
 b - a +0 scale mail (worn)
 c - a +0 buckler (worn)
 d - a +2 scale mail of willpower
 k - a +0 pair of gloves (worn)
 s - the +0 pair of boots "Bonatis" (worn) {MP+9 Str+3 Slay+2}
   (You found it on level 4 of the Dungeon)

   Str:       It affects your strength (+3).
   Slay:      It affects your accuracy & damage with ranged weapons and melee
   (+2).
   MP:        It affects your magic capacity (+9).
 N - a +2 hat (worn)
 Z - a +1 cloak (worn)
Jewellery
 h - a ring of flight (left hand)
 H - an amulet of regeneration (around neck)
 W - a ring of magical power (right hand)
Wands
 l - a wand of digging (8)
 p - a wand of mindburst (22)
 A - a wand of acid (5) (quivered)
 I - a wand of iceblast (7)
 V - a wand of flame (42)
Scrolls
 f - a scroll of amnesia
 i - 4 scrolls of blinking
 n - 2 scrolls of vulnerability
 o - 2 scrolls of noise
 q - 5 scrolls of teleportation
 u - 4 scrolls of enchant armour
 v - 5 scrolls of magic mapping
 x - 2 scrolls of torment
 y - 2 scrolls of fear
 B - 2 scrolls of acquirement
 D - a scroll of enchant weapon
 F - 3 scrolls of fog
 Q - 4 scrolls of poison
 X - 5 scrolls of silence
 Y - 5 scrolls of immolation
Potions
 m - a potion of brilliance
 t - a potion of flight {unknown}
 w - a potion of degeneration {unknown}
 z - a potion of berserk rage {unknown}
 C - 5 potions of curing
 G - a potion of ambrosia {unknown}
 M - 2 potions of might
 O - 3 potions of heal wounds {unknown}
 R - 3 potions of attraction
 S - 4 potions of lignification {unknown}
 T - a potion of mutation {unknown}
 U - a potion of magic {unknown}
Miscellaneous
 K - a lightning rod (inert)


   Skills:
 + Level 13.6 Fighting
 - Level 16.0 Axes
 + Level 13.6 Armour
 + Level 12.1 Dodging
 + Level 13.6 Shields
 * Level 6.8 Invocations


You had 13 spell levels left.
You didn't know any spells.
Your spell library contained the following spells:

 Spells                   Type           Power      Damage    Failure   Level
 Kiss of Death            Conj/Necr      0%         2d5       75%         1
 Shock                    Conj/Air       0%         1d3       75%         1
 Slow                     Hex            0%         N/A       75%         1
 Blink                    Tloc           0%         N/A       86%         2
 Confusing Touch          Hex            0%         N/A       98%         3
 Frozen Ramparts          Ice            0%         1d1       98%         3
 Gell's Gravitas          Tloc           0%         N/A       98%         3
 Inner Flame              Hex/Fire       0%         N/A       98%         3
 Swiftness                Air            0%         N/A       98%         3
 Teleport Other           Tloc           0%         N/A       98%         3
 Vampiric Draining        Necr           0%         2d6       98%         3
 Airstrike                Air            0%         2d(0-16)  100%        4
 Dispel Undead            Necr           0%         3d6       100%        4
 Flame Wave               Conj/Fire      0%         2d4       100%        4
 Ice Form                 Ice/Tmut       0%         N/A       100%        4
 Manifold Assault         Tloc           0%         N/A       100%        4
 Sticky Flame             Conj/Fire      0%         2d3       100%        4
 Yara's Violent Unravell  Hex/Tmut       0%         3d3       100%        5
 Dispersal                Tloc           0%         N/A       100%        6
 Enfeeble                 Hex            0%         N/A       100%        7
 Storm Form               Tmut/Air       0%         N/A       100%        7
 Borgnjor's Revivificati  Necr           0%         N/A       100%        8
 Necromutation            Tmut/Necr      0%         N/A       100%        8
 Death's Door             Necr           0%         N/A       100%        9
 Summon Ice Beast         Ice/Summ       Unusable   N/A       N/A         4

Dungeon Overview and Level Annotations

Branches:
Dungeon (11/15)            Temple (1/1) D:4            Lair (5/5) D:8
  Swamp (0/4) Lair:3       Spider (0/4) Lair:3        Slime (1/5) Lair:4
    Orc (2/2) D:11         Bailey (visited)
    Elf: Orc:2

Altars:
Ashenzari
Dithmenos
Elyvilon
Fedhas
Gozag
Makhleb
Nemelex Xobeh
Okawaru
Sif Muna
Trog
Vehumet
Xom
Zin
The Shining One

Shops:
D:7 *


Innate Abilities, Weirdness & Mutations

You have a pair of horns on your head.
You reflexively headbutt those who attack you in melee.


Message History

Okawaru accepts your kill.
The orc priest invokes the aid of Beogh against you.
Beogh smites you! The two-headed ogre closely misses you.
You furiously retaliate!
You headbutt the two-headed ogre.
You kill the two-headed ogre!
Okawaru accepts your kill.
You hear a shout!
You hit the ogre. You headbutt the ogre.
The ogre is heavily wounded.
You slash the two-headed ogre! You slice the two-headed ogre!!
An ogre comes into view. It is wielding a +0 giant club.
The orc priest mumbles some strange prayers to Beogh against you.
Beogh smites you! The ogre barely misses you. You furiously retaliate!
You headbutt the ogre. The two-headed ogre barely misses you.
You furiously retaliate!
You headbutt the two-headed ogre!
The two-headed ogre hits you but does no damage.
You slice the ogre!!
You kill the ogre!
Okawaru accepts your kill.
You completely miss the two-headed ogre.
You hit the two-headed ogre.
You completely miss the two-headed ogre.
You headbutt the two-headed ogre!
The two-headed ogre is severely wounded.
You slash the two-headed ogre!
The two-headed ogre hits you with a +0 giant club.
The two-headed ogre hits you with a +0 dire flail!
An orc warrior comes into view. It is wielding a +0 flail.
A two-headed ogre comes into view. It is wielding two +0 giant clubs.
The two-headed ogre misses you. You furiously retaliate!
You headbutt the two-headed ogre! You block the two-headed ogre's attack.
You barely miss the two-headed ogre.
The two-headed ogre is almost dead.
The two-headed ogre shouts in stereo!
The orc warrior shouts!
You slash the two-headed ogre!
You hear a shout!
The orc priest begins to cast a cantrip, but forgets the words!
You closely miss the two-headed ogre.
The two-headed ogre is almost dead.
You hit the two-headed ogre but do no damage.
You slash the two-headed ogre! You block the two-headed ogre's attack.
The two-headed ogre misses you.
You dice the two-headed ogre like an onion!!!
You kill the two-headed ogre!
Okawaru accepts your kill.
You slash the two-headed ogre!
You kill the two-headed ogre!
Okawaru accepts your kill.
You slice the two-headed ogre!!
You block the two-headed ogre's attack. x2
Your base Dodging skill increases to level 12!
You slash the two-headed ogre! You headbutt the two-headed ogre.
The two-headed ogre is almost dead.
You slash the ogre!
An orc priest comes into view. It is wielding a +0 war axe.
The two-headed ogre attacks as you move away!
The two-headed ogre closely misses you. You furiously retaliate!
You headbutt the two-headed ogre!
You kill the two-headed ogre!
Okawaru accepts your kill.
You barely miss the two-headed ogre. You slash the two-headed ogre!
The two-headed ogre is moderately wounded.
You hit the two-headed ogre.
Your headbutt misses the two-headed ogre.
The two-headed ogre is moderately wounded.
The two-headed ogre closely misses you. You block the two-headed ogre's attack.
The orc priest invokes the aid of Beogh against you.
Beogh smites you!
You slash the two-headed ogre! You headbutt the two-headed ogre.
The two-headed ogre is severely wounded.
You hit the two-headed ogre. The two-headed ogre misses you.
You furiously retaliate!
You headbutt the two-headed ogre. You block the two-headed ogre's attack.
You slash the two-headed ogre! You headbutt the two-headed ogre.
The two-headed ogre is almost dead.
You slice the two-headed ogre!! The two-headed ogre closely misses you.
You furiously retaliate!
You headbutt the two-headed ogre!
You kill the two-headed ogre!
Okawaru accepts your kill.
You slash the two-headed ogre!
The two-headed ogre is severely wounded.
You block the two-headed ogre's attack.
The two-headed ogre hits you but does no damage.
You slice the two-headed ogre!!
You kill the two-headed ogre!
Okawaru is honoured by your kill.
You barely miss the ogre.
You feel like a meek peon again.
The two-headed ogre attacks as you move away!
You block the two-headed ogre's attack.
The two-headed ogre hits you with a +0 giant club!
The ogre attacks as you move away! The ogre closely misses you.
The ogre attacks as you move away! You block the ogre's attack.
The orc priest looks braver for a moment.
The orc priest calls down the wrath of Beogh upon you.
Beogh smites you!
The orc priest shouts!
The ogre attacks as you move away!
The ogre hits you with a +0 giant club!!
You die...

.................##...........#.
...#.....)).......#..............
...#......o..........OO......##.#
......................o....#.# ##
#........................##...#
.#.................O...### #...#
.......................# #.##
.#.#............OOO...## ##
#####.....##...<@.....#
##..##..#.## ### ######


You could see 2 two-headed ogres, 4 ogres and 2 orc priests.

Vanquished Creatures
  Gastronok (D:8)
  4 hydras
  4 ogre magi (Orc:2)
  2 boulder beetles
  16 two-headed ogres
  A catoblepas (Lair:1)
  3 death yaks (D:7)
  A spriggan (Lair:1)
  Sonja (Lair:1)
  Amaemon (Lair:1)
  A skyshark (Lair:3)
  A fire crab (Lair:5)
  Pikel (D:8)
  A lindwurm (Lair:5)
  An ugly thing (D:11)
  An oklob plant (Lair:5)
  A cyclops (D:11)
  Maurice (D:8)
  5 black mambas
  A torpor snail (Lair:2)
  A gargoyle (D:10)
  Maggie (D:7)
  6 cane toads
  An orange demon (Lair:1)
  Psyche (D:11)
  A rime drake (Lair:4)
  6 komodo dragons
  4 trolls
  11 polar bears (Lair:5)
  A tyrant leech (Lair:3)
  Grinder (D:6)
  6 dream sheep (Lair:4)
  Prince Ribbit (D:8)
  4 raiju (Lair:5)
  A hornet (Lair:1)
  8 blink frogs
  6 slime creatures (D:9)
  3 culicivoras (Lair:3)
  A vampire (D:9)
  2 wraiths
  7 wyverns
  4 basilisks
  2 steam dragons
  48 yaks
  3 vampire mosquitoes (D:10)
  11 wargs
  Menkaure (D:7)
  7 swamp worms (Lair:3)
  Edmund (D:6)
  2 acid dragons (D:11)
  11 hell hounds (Lair:5)
  7 water moccasins
  13 orc warriors
  3 ice beasts
  11 black bears (Lair:5)
  15 ogres
  54 wolves
  A centaur (D:9)
  A phantom (D:6)
  Blork the orc (D:6)
  8 kobold brigands
  5 bullfrogs
  3 scorpions
  A gnoll sergeant (D:7)
  13 wights
  4 killer bees (D:9)
  4 howler monkeys
  An electric eel (D:11)
  6 jellies
  3 hounds
  Crazy Yiuf (D:7)
  5 orc priests
  A sleepcap (D:6)
  Jessica (D:3)
  Terence (D:2)
  7 iguanas
  2 hell rats (D:8)
  17 orc wizards
  Robin (D:3)
  8 gnolls
  6 adders
  2 river rats (D:8)
  2 shadow imps
  An ufetubus (D:5)
  3 worms
  5 dart slugs
  35 orcs
  An endoplasm (D:2)
  3 giant cockroaches
  16 goblins
  6 hobgoblins
  17 kobolds
  3 quokkas
  5 ball pythons
  2 bats
  3 frilled lizards
  4 rats
523 creatures vanquished.

Vanquished Creatures (others)
  An orc (D:11)
1 creature vanquished.

Grand Total: 524 creatures vanquished

Notes
Turn   | Place    | Note
-------+----------+-------------------------------------------
     0 | D:1      | browni3141 the Minotaur Fighter began the quest for the
                  | Orb.
     0 | D:1      | Reached XP level 1. HP: 19/19 MP: 0/0
   105 | D:1      | You fall into a shaft and drop 1 floor!
   112 | D:2      | Noticed Terence
   123 | D:2      | Killed Terence
   124 | D:2      | Reached skill level 3 in Axes
   124 | D:2      | Reached XP level 2. HP: 25/27 MP: 1/1
   124 | D:2      | Reached XP level 3. HP: 31/33 MP: 2/2
  1097 | D:2      | Reached XP level 4. HP: 40/40 MP: 3/3
  1180 | D:3      | Noticed Robin
  1193 | D:3      | Killed Robin
  1443 | D:3      | Reached skill level 4 in Axes
  1805 | D:3      | Noticed Jessica
  1814 | D:3      | Killed Jessica
  1815 | D:3      | Reached XP level 5. HP: 47/47 MP: 4/4
  1823 | D:3      | Found a shimmering blue altar of Sif Muna.
  2256 | D:4      | Identified the +0 pair of boots "Bonatis" {MP+9 Str+3
                  | Slay+2}
  2358 | D:4      | Reached XP level 6. HP: 53/53 MP: 5/5
  2443 | D:4      | Found a staircase to the Ecumenical Temple.
  2511 | Temple   | Entered the Ecumenical Temple
  2618 | Temple   | Became a worshipper of Warmaster Okawaru
  2758 | D:5      | Entered Level 5 of the Dungeon
  2798 | D:5      | Reached skill level 5 in Axes
  2986 | D:5      | Noticed an ice beast
  2992 | D:5      | Killed an ice beast
  3033 | D:5      | Reached * piety under Okawaru
  3034 | D:5      | Reached XP level 7. HP: 61/61 MP: 6/6
  3055 | D:5      | Reached skill level 3 in Dodging
  3227 | D:5      | Reached skill level 6 in Axes
  3228 | D:5      | Found a white marble altar of Elyvilon.
  3310 | D:5      | Noticed a yak
  3310 | D:5      | Noticed a yak
  3311 | D:5      | Noticed a yak
  3321 | D:5      | Killed a yak
  3324 | D:5      | Killed a yak
  3327 | D:5      | Killed a yak
  3327 | D:5      | Reached ** piety under Okawaru
  3328 | D:5      | Reached skill level 7 in Axes
  3328 | D:5      | Reached skill level 6 in Armour
  3328 | D:5      | Reached skill level 6 in Shields
  3328 | D:5      | Reached XP level 8. HP: 68/70 MP: 7/7
  3715 | D:6      | Noticed Blork the orc
  3717 | D:6      | Reached skill level 6 in Fighting
  3729 | D:6      | Killed Blork the orc
  3868 | D:6      | Noticed Edmund
  3882 | D:6      | Killed Edmund
  4169 | D:6      | Found a shadowy altar of Dithmenos.
  4219 | D:6      | Reached skill level 8 in Axes
  4230 | D:6      | Noticed Grinder
  4236 | D:6      | Reached *** piety under Okawaru
  4242 | D:6      | Killed Grinder
  4243 | D:6      | Reached XP level 9. HP: 57/78 MP: 8/8
  4781 | D:7      | Noticed Menkaure
  4786 | D:7      | Killed Menkaure
  4787 | D:7      | Reached skill level 9 in Axes
  4861 | D:7      | Found Vozaseu's Assorted Antiques.
  4869 | D:7      | Bought a scroll of fog for 108 gold pieces
  4869 | D:7      | Bought a metallic green potion for 24 gold pieces
  4997 | D:7      | Noticed Maggie
  5011 | D:7      | Killed Maggie
  5011 | D:7      | Reached **** piety under Okawaru
  5624 | D:7      | Found a runed translucent door.
  5625 | D:7      | Noticed Crazy Yiuf
  5770 | D:7      | Found a glowing golden altar of the Shining One.
  5844 | D:7      | Killed Crazy Yiuf
  5887 | D:8      | Noticed Gastronok
  5897 | D:8      | Reached skill level 10 in Axes
  5897 | D:8      | Reached skill level 6 in Dodging
  5911 | D:8      | Reached XP level 10. HP: 63/88 MP: 9/9
  6003 | D:8      | Noticed a two-headed ogre
  6012 | D:8      | Killed a two-headed ogre
  6068 | D:8      | Noticed Maurice
  6082 | D:8      | Noticed a death yak
  6088 | D:8      | Noticed a death yak
  6097 | D:7      | Killed a death yak
  6337 | D:7      | Killed a death yak
  6338 | D:7      | Reached skill level 11 in Axes
  6341 | D:8      | Noticed a death yak
  6346 | D:8      | Killed Maurice
  6346 | D:8      | Reached ***** piety under Okawaru
  6357 | D:7      | Killed a death yak
  6358 | D:7      | Reached skill level 9 in Fighting
  6615 | D:8      | Found a shimmering altar of Xom.
  6644 | D:8      | Killed Gastronok
  6645 | D:8      | Reached skill level 9 in Armour
  6645 | D:8      | Reached skill level 9 in Shields
  6645 | D:8      | Reached XP level 11. HP: 80/97 MP: 10/10
  6729 | D:8      | Noticed Prince Ribbit
  6731 | D:8      | Found a staircase to the Lair.
  6737 | D:8      | Killed Prince Ribbit
  6737 | D:8      | Received a gift from Okawaru
  6738 | D:8      | Reached skill level 12 in Axes
  6865 | D:8      | Found an opulent altar of Gozag.
  7218 | D:8      | Noticed Pikel
  7224 | D:8      | Killed Pikel
  7614 | D:9      | Found a flagged portal.
  7628 | Bailey   | Entered a bailey
  7707 | Bailey   | Found an iron altar of Okawaru.
  7870 | D:9      | Identified the +2 helmet of the Game of Kings {Rampage
                  | Dex+2}
  8044 | D:9      | Found a sparkling altar of Nemelex Xobeh.
  8079 | D:10     | Entered Level 10 of the Dungeon
  8203 | D:10     | Found a radiant altar of Vehumet.
  8205 | D:10     | Found a blossoming altar of Fedhas.
  8334 | D:10     | Reached skill level 13 in Axes
  8675 | D:10     | Identified the +7 falchion of Death {freeze, rElec rN+}
  8843 | D:10     | Noticed a two-headed ogre
  8854 | D:10     | Killed a two-headed ogre
  9436 | D:11     | Noticed a cyan ugly thing
  9444 | D:11     | Killed a cyan ugly thing
  9445 | D:11     | Reached XP level 12. HP: 93/107 MP: 11/11
  9481 | D:11     | Noticed Psyche
  9481 | D:11     | Noticed a two-headed ogre
  9487 | D:11     | Killed Psyche
  9487 | D:11     | Identified the +1 scale mail of the Rose {rElec} (Okawaru
                  | gifted it to you on level 11 of the Dungeon)
  9487 | D:11     | Received a gift from Okawaru
  9490 | D:11     | Killed a two-headed ogre
  9626 | D:11     | Noticed a two-headed ogre
  9633 | D:11     | Killed a two-headed ogre
  9634 | D:11     | Reached skill level 14 in Axes
  9634 | D:11     | Reached skill level 9 in Dodging
  9943 | D:11     | Found a staircase to the Orcish Mines.
 10266 | D:11     | Identified a scroll of acquirement
 10355 | Lair:1   | Entered Level 1 of the Lair of Beasts
 10356 | Lair:1   | Noticed a catoblepas
 10365 | Lair:1   | Killed a catoblepas
 10464 | Lair:1   | Noticed a boulder beetle
 10480 | Lair:1   | Killed a boulder beetle
 10551 | Lair:1   | Noticed Amaemon
 10565 | Lair:1   | Killed Amaemon
 10695 | Lair:1   | Noticed Sonja
 10700 | Lair:1   | Reached skill level 15 in Axes
 10712 | Lair:1   | Killed Sonja
 11434 | Lair:2   | Reached XP level 13. HP: 108/116 MP: 12/12
 12100 | Lair:3   | Received a gift from Okawaru
 12204 | Lair:3   | Found a hole to the Spider Nest.
 12490 | Lair:3   | Reached ****** piety under Okawaru
 12642 | Lair:3   | Reached skill level 16 in Axes
 12679 | Lair:3   | Found a staircase to the Swamp.
 12690 | Lair:3   | Reached skill level 12 in Fighting
 12690 | Lair:3   | Reached skill level 12 in Armour
 12690 | Lair:3   | Reached skill level 12 in Shields
 12808 | Lair:4   | Found a staircase to the Slime Pits.
 12944 | Lair:4   | Identified the scarf of Happiness {+Inv, *Corrode rPois
                  | Will+ SInv} (Okawaru gifted it to you on level 4 of the
                  | Lair of Beasts)
 12944 | Lair:4   | Received a gift from Okawaru
 13719 | Slime:1  | Entered Level 1 of the Pits of Slime
 13746 | Lair:5   | Entered Level 5 of the Lair of Beasts
 14034 | Lair:5   | Reached skill level 3 in Invocations
 14275 | Lair:5   | Reached XP level 14. HP: 115/127 MP: 15/15
 14810 | Lair:5   | Received a gift from Okawaru
 15169 | Orc:1    | Entered Level 1 of the Orcish Mines
 15482 | Orc:2    | Entered Level 2 of the Orcish Mines
 15594 | Orc:2    | Reached skill level 6 in Invocations
 15615 | Orc:2    | Reached skill level 12 in Dodging
 15642 | Orc:2    | Slain by an ogre

Illustrated notes

Levels and vault maps discovered:
D:1:      spicycebolla_green_bress_n_ham, layout_loops_ring
D:2:      layout_rooms, uniq_terence
D:3:      layout_loops_ring, tgw_sif, corexii_shack, uniq_robin
D:4:      layout_loops_ring, minmay_temple_entry_statues_fountains,
          nicolae_zen_rock_garden
D:5:      layout_basic, elyvilon_altar_5
D:6:      minmay_recursive_quarters, layout_loops_ring,
          nicolae_dithmenos_the_darkroom, uniq_edmund, uniq_blork_the_orc,
          uniq_grinder
D:7:      layout_loops_ring, tso_altar, serial_shops, shop, uniq_maggie,
          uniq_menkaure, uniq_crazy_yiuf_cottage
D:8:      layout_basic, lemuel_tele_altar, mainiacjoe_overflow_brackets,
          dpeg_lair_monsters, uniq_gastronok, uniq_pikel, uniq_prince_ribbit1,
          uniq_maurice
D:9:      layout_big_octagon, nemelex_diamond_rough_becter, enter_bailey_1
D:10:     layout_stronghold, mainiacjoe_overflow_divided_tiny
D:11:     layout_long_grid, erik_orc_3, nooodl_orcs_dogs, uniq_psyche
Temple:   nicolae_temple_figure_eight
Lair:1:   layout_big_grid, grunt_forest_large_clearings, grunt_megastairs_4,
          uniq_sonja, uniq_amaemon
Lair:2:   layout_loops_ring, serial_bayou_shore_b
Lair:3:   layout_cave_shapes, palyth_hydra_swamp_entry,
          hellmonk_spider_entry_life_and_decay
Lair:4:   layout_regular_city, nicolae_slime_entry_field_trip,
          grunt_megastairs_3, infiniplex_staircase_pool_2
Lair:5:   hangedman_lair_caniforms_friends, layout_gridlike,
          nzn_sisyphean_effort, infiniplex_staircase_pool
Slime:1:  layout_caves
Orc:1:    layout_diamond_mine, uniq_jorgrun
Orc:2:    st_orc_ogre_mass, layout_caves, serial_shops, shop,
          nicolae_shop_hallway_plus, nicolae_shop_hallway_plus

Skill      XL: |  1  2  3  4  5  6  7  8  9 10 11 12 13 14 |
---------------+-------------------------------------------+-----
Axes           | 3 4 5 7 8 10 11 13 15 16 | 16.0
Armour         | 4 5 6 7 8 9 10 11 12 13 | 13.6
Dodging        | 1 2 3 5 6 7 8 10 11 12 | 12.1
Fighting       | 4 5 6 8 9 10 11 12 13 | 13.6
Shields        | 4 5 6 7 8 9 10 11 12 13 | 13.6
Invocations    | 3 6 |  6.8

Action                     |  1- 3 |  4- 6 |  7- 9 | 10-12 | 13-15 || total
---------------------------+-------+-------+-------+-------+-------++-------
  Melee: War axe           |    61 |    75 |    62 |       |       ||   198
         Headbutt          |    10 |    14 |    37 |    91 |   121 ||   273
         Broad axe         |       |       |   108 |   421 |   524 ||  1053
  Throw: Dart              |       |       |       |     3 |     2 ||     5
         Javelin           |       |       |       |       |     6 ||     6
 Invoke: Heroism           |       |       |     5 |    11 |     6 ||    22
  Evoke: Lightning rod     |       |       |       |       |     6 ||     6
         Wand              |       |       |       |       |     1 ||     1
    Use: Potion            |     1 |       |       |     1 |       ||     2
         Scroll            |       |       |     9 |     7 |     3 ||    19
 Armour: Scale mail        |    29 |    33 |    43 |   151 |   216 ||   472
  Dodge: Dodged            |    36 |    34 |    90 |   337 |   372 ||   869
  Block: Buckler           |    17 |    17 |    46 |   166 |   239 ||   485
